 Dungeon Crawl Stone Soup version 0.26.1-2-gb8aa6d0cf2 (webtiles) character file.

Game seed: 14945452968160382666

1521 vatarom the Martial Artist (level 8, -4/59 HPs)
             Began as a Purple Draconian Transmuter on Feb 16, 2021.
             Was a Follower of Makhleb.
             Slain by a boulder beetle (21 damage)
             ... on level 6 of the Dungeon.
             The game lasted 00:10:27 (8527 turns).

vatarom the Martial Artist (DrTm)                   Turns: 8527, Time: 00:10:28

Health: -4/59      AC:  7    Str: 13    XL:     8   Next: 54%
Magic:  0/11       EV: 12    Int: 20    God:    Makhleb [*.....]
Gold:   318        SH:  0    Dex: 13    Spells: 7/11 levels left

rFire    . . .     SeeInvis +     - Unarmed
rCold    . . .     Faith    .   (no shield)
rNeg     . . .     Spirit   +   (armour unavailable)
rPois    .         Reflect  .   (helmet restricted)
rElec    .         Harm     .   v - scarf {repulsion}
rCorr    .         Rampage  .   (no gloves)
Will     +....                  n - +0 pair of boots
Stlth    +.........             y - amulet of guardian spirit
HPRegen  0.19/turn              t - +6 ring of intelligence
MPRegen  0.12/turn              i - ring of see invisible

@: about to teleport, repel missiles
A: breathe power, unfitting armour, cold-blooded, AC +6
a: Breathe Dispelling Energy, Renounce Religion


You were on level 6 of the Dungeon.
You worshipped Makhleb.
Makhleb was aware of your devotion.
You visited 2 branches of the dungeon, and saw 7 of its levels.

You collected 318 gold pieces.

Inventory:

Missiles
 d - 2 throwing nets {!f}
Armour
 n - a +0 pair of boots (worn)
 v - a scarf of repulsion (worn)
Jewellery
 i - a ring of see invisible (right hand)
 s - an uncursed ring of flight
 t - a +6 ring of intelligence (left hand)
 x - an uncursed amulet of regeneration
 y - an amulet of guardian spirit (around neck)
Wands
 a - a wand of random effects (28)
 q - a wand of acid (5) {@v2}
 B - a wand of iceblast (11) {@v4}
Scrolls
 b - 6 scrolls of identify {@r1}
 e - 2 scrolls of enchant weapon
 f - a scroll of teleportation {@r3}
 k - 8 scrolls of remove curse {@r2}
 l - 5 scrolls of enchant armour {unknown}
 m - 3 scrolls of blinking {unknown}
 p - 2 scrolls of magic mapping {unknown}
 z - 3 scrolls of amnesia {unknown}
Potions
 c - a potion of invisibility {unknown}
 g - a potion of attraction {unknown}
 h - 5 potions of flight {unknown}
 j - a potion of degeneration {unknown}
 o - a potion of mutation {unknown}
 r - a potion of ambrosia {unknown}
 u - a potion of resistance {unknown}
 w - a potion of magic {unknown}
 A - a potion of curing {@q1}


   Skills:
 - Level 1.1 Fighting
 - Level 1.7 Dodging
 + Level 8.2 Unarmed Combat
 - Level 2.4 Spellcasting
 + Level 7.8 Transmutations


You had 7 spell levels left.
You knew the following spells:

 Your Spells              Type           Power        Failure   Level
a - Beastly Appendage     Tmut           66%          1%          1
b - Spider Form           Tmut/Pois      9%           9%          3

Your spell library contained the following spells:

 Spells                   Type           Power        Failure   Level
 Wereblood                Tmut           33%          1%          2
 Corona                   Hex            2%           16%         1
 Shock                    Conj/Air       8%           16%         1
 Blade Hands              Tmut           16%          17%         5
 Ensorcelled Hibernation  Hex/Ice        4%           22%         2
 Swiftness                Air            2%           22%         2
 Ice Form                 Ice/Tmut       18%          30%         4
 Confusing Touch          Hex            2%           41%         3
 Dazzling Flash           Conj/Hex       4%           41%         3
 Static Discharge         Conj/Air       2%           41%         3
 Tukima's Dance           Hex            2%           41%         3
 Airstrike                Air            1%           83%         4
 Lightning Bolt           Conj/Air       1%           99%         5


Dungeon Overview and Level Annotations

Branches:
Dungeon (6/15)             Temple (1/1) D:4

Altars:
Ashenzari
Cheibriados
Elyvilon
Fedhas
Hepliaklqana
Kikubaaqudgha
Makhleb
Nemelex Xobeh
Okawaru
Ru
Sif Muna
Trog
Uskayaw
Vehumet
Wu Jian
Xom
Yredelemnul
Zin
The Shining One
Beogh

Shops:
D:4 [

Annotations:
D:3 1 runed translucent door, Crazy Yiuf


Innate Abilities, Weirdness & Mutations

You can breathe bolts of dispelling energy.
Your rich purple scales are hard. (AC +6)
You cannot fit into any form of body armour.
You are cold-blooded and may be slowed by cold attacks.


Message History

You punch the boulder beetle!
The boulder beetle is lightly wounded.
The bullfrog croaks.
The boulder beetle hits you!!!
Ouch! That really hurt!
* * * LOW HITPOINT WARNING * * *
The boulder beetle stops rolling and uncurls.
Unknown command.
The boulder beetle leaps!
As you read the scroll of teleportation {@r3}, it crumbles to dust.
You feel strangely unstable. The bullfrog barely misses you.
The boulder beetle bites you but does no damage.
Unknown command.
The bullfrog barely misses you.
Your surroundings seem slightly different.
The boulder beetle curls into a ball and begins rolling!
As you read the scroll of teleportation {@r3}, it crumbles to dust.
You feel strangely unstable. The bullfrog closely misses you.
The boulder beetle hits you!!
You die...

###......#
###........##
##...........#
.............##
..............##
#..............#
#...........#########
#.......B............
#.....@F○°.#.#.#.#.#
#..........#.....$.#
##.........#########
#.<............
##............>
#..........#...
##.......### ..
##....### . #.####


You could see a boulder beetle and a bullfrog.

Vanquished Creatures
  A hornet (D:4)
  A phantom (D:5)
  3 ogres (D:5)
  A centaur (D:5)
  Blork the orc (D:5)
  2 scorpions
  2 howler monkeys (D:5)
  A bullfrog zombie (D:5)
  2 hounds (D:4)
  An orc priest (D:3)
  A jelly (D:5)
  A gnoll shaman (D:5)
  2 orc wizards
  An iguana (D:5)
  17 gnolls
  10 adders
  A river rat (D:3)
  A shadow imp (D:5)
  A white imp (D:5)
  4 ufetubi (D:5)
  8 worms
  2 dart slugs
  5 leopard geckos
  10 orcs
  3 giant cockroaches
  9 goblins
  7 hobgoblins
  8 bats
  8 frilled lizards
  A jackal zombie (D:5)
  9 kobolds
  7 rats
131 creatures vanquished.

Notes
Turn   | Place    | Note
-------+----------+-------------------------------------------
     0 | D:1      | vatarom the Draconian Transmuter began the quest for the
                  | Orb.
     0 | D:1      | Reached XP level 1. HP: 16/16 MP: 3/3
   126 | D:1      | Reached XP level 2. HP: 20/23 MP: 3/5
  1186 | D:2      | Reached XP level 3. HP: 22/28 MP: 4/6
  1456 | D:2      | Found a faded altar of an unknown god.
  1497 | D:2      | Learned a level 3 spell: Spider Form
  1508 | D:2      | Reached skill level 4 in Unarmed Combat
  1589 | D:2      | Reached XP level 4. HP: 35/35 MP: 5/7
  1818 | D:3      | HP: 1/35 [gnoll/+0 spear (6)]
  2942 | D:3      | Found a roughly hewn altar of Beogh.
  2957 | D:3      | Reached XP level 5. HP: 27/40 MP: 1/8
  3171 | D:3      | Found a runed translucent door.
  3172 | D:3      | Noticed Crazy Yiuf
  3513 | D:3      | Reached skill level 5 in Unarmed Combat
  4603 | D:4      | Reached XP level 6. HP: 35/47 MP: 9/9
  4721 | D:4      | Found Biniumih's Antique Armour Shop.
  4985 | D:4      | Reached skill level 5 in Transmutations
  5310 | D:4      | Noticed a hornet
  5319 | D:4      | Killed a hornet
  5320 | D:4      | Reached skill level 6 in Unarmed Combat
  5320 | D:4      | Your scales start taking on a rich purple colour.
  5320 | D:4      | Reached XP level 7. HP: 25/52 MP: 7/10
  5546 | D:4      | Found a staircase to the Ecumenical Temple.
  5592 | Temple   | Entered the Ecumenical Temple
  5642 | Temple   | Became a worshipper of Makhleb the Destroyer
  5916 | D:5      | Entered Level 5 of the Dungeon
  6111 | D:5      | Found a radiant altar of Vehumet.
  6573 | D:5      | Reached skill level 7 in Unarmed Combat
  6928 | D:5      | Got a flickering jade ring
  6933 | D:5      | Identified the ring of Utuq {rPois MP-9 Slay+2 Stlth-} (You
                  | found it on level 5 of the Dungeon)
  6982 | D:5      | Reached XP level 8. HP: 51/59 MP: 2/11
  7328 | D:5      | Reached * piety under Makhleb
  8052 | D:5      | Noticed Blork the orc
  8060 | D:5      | Killed Blork the orc
  8061 | D:5      | Reached skill level 8 in Unarmed Combat
  8517 | D:6      | Noticed a boulder beetle
  8527 | D:6      | Slain by a boulder beetle

Illustrated notes

Levels and vault maps discovered:
D:1:      dpeg_arrival_erosion, layout_basic
D:2:      layout_rooms, chequers_ecumenical_altar_grove, minivault_24
D:3:      layout_loops_ring, lightli_sewer_entry_pipes, kennysheep_orc_chapel,
          uniq_crazy_yiuf_cottage
D:4:      layout_basic, minmay_temple_entry_enclosed_plants, serial_shops, shop,
          minivault_19
D:5:      minmay_chambers_of_threes, layout_gridville, general_overflow_altar,
          uniq_blork_the_orc
D:6:      layout_cave_pods, hangedman_minor_gate_pass
Temple:   regret_index_temple_mists

Skill      XL: |  1  2  3  4  5  6  7  8 |
---------------+-------------------------+-----
Transmutations | 3 4 5 6 7 |  7.8
Unarmed Combat | 4 5 6 7 8 |  8.2
Fighting       | |  1.1
Dodging        | |  1.7
Spellcasting   | |  2.4

Action                   |  1- 3 |  4- 6 |  7- 9 || total
-------------------------+-------+-------+-------++-------
Melee: Unarmed           |    78 |   239 |   151 ||   468
       Kick              |     9 |    17 |       ||    26
       Tailslap          |     8 |    13 |     6 ||    27
       Headbutt          |     6 |     7 |       ||    13
       Punch             |       |       |     2 ||     2
 Cast: Beastly Appendage |    18 |    11 |     1 ||    30
       Spider Form       |     1 |    10 |    12 ||    23
 Abil: Breathe Dispellin |       |       |     2 ||     2
Evoke: Wand              |       |       |     2 ||     2
  Use: Scroll            |     4 |     1 |     2 ||     7
       Potion            |       |     4 |     1 ||     5
 Stab: Sleeping          |       |     1 |       ||     1
Armor: Skin              |    25 |    58 |    28 ||   111
Dodge: Dodged            |    57 |   168 |   125 ||   350
       Repelled          |       |       |     2 ||     2
